Cogmind - Beta 9.4 *** ADVENTURER MODE // 2020.01.14 @ 21:26:07 // Winter2019/RPGLIKE Player: Rev Result: Destroyed by S-10 Pest with Light Assault Rifle Performance ------------- Evolutions (1) 500 Regions Visited (3) 600 Robots Destroyed (48) 240 Value Destroyed (942) 942 Prototype IDs (3) 60 Alien Tech Used (0) 0 Bonus (14) 14 TOTAL SCORE: 2356 Bonus ------- Follower Combat Kills 117 Friendly Fire -103 Cogmind --------- Core Integrity 0/600 Matter 269/300 Energy 146/280 System Corruption 0% Temperature Cool (479) Movement Rolling (90) Location -9/Materials Parts ------- > --- POWER (1) -------- Cooled Ion Engine > --- PROPULSION (3) --- Armored Wheel Armored Wheel Armored Wheel > --- UTILITY (5) ------ Structural Scanner Sensor Array Signal Interpreter Terrain Scanner Hardened Light Armor Plating > --- WEAPON (2) ------- Advanced Beam Cannon Advanced Beam Cannon > --- INVENTORY (4) ---- High-capacity Matter Pod (200) Armor Integrity Analyzer Advanced Beam Cannon Peak State ------------ > --- POWER ------------ Cooled Ion Engine > --- PROPULSION ------- Armored Wheel Armored Wheel Armored Wheel > --- UTILITY ---------- Structural Scanner Sensor Array Signal Interpreter Terrain Scanner Hardened Light Armor Plating > --- WEAPON ----------- Advanced Beam Cannon Improved Assault Rifle > --- INVENTORY -------- High-capacity Matter Pod Armor Integrity Analyzer Advanced Beam Cannon Advanced Beam Cannon [Rating: 21] Favorites ----------- Power Light Ion Engine Engine Light Ion Engine Propulsion Compact Wheel Wheel Compact Wheel Utility Sensor Array Device Sensor Array Processor Signal Interpreter Protection Hardened Light Armor Plating Weapon EM Pulse Gun Energy Gun EM Pulse Gun Energy Cannon Advanced Beam Cannon Ballistic Gun Improved Assault Rifle Build | -11 -10 -10 -9 ------- Run | Scr Mat Min Mat Slots Evolved 7 | 3 . 1 3 Power . | . . . . Propulsion 2 | 1 . . 1 Utility 4 | 1 . 1 2 Weapon 1 | 1 . . . Parts Attached 28 | 6 8 3 11 Power 6 | 1 2 1 2 Engine 6 | 1 2 1 2 Core . | . . . . Reactor . | . . . . Propulsion 7 | 2 2 . 3 Treads . | . . . . Leg . | . . . . Wheel 7 | 2 2 . 3 Hover . | . . . . Flight . | . . . . Utility 7 | . 3 2 2 Device 5 | . 2 2 1 Storage . | . . . . Processor 1 | . 1 . . Hackware . | . . . . Protection 1 | . . . 1 Artifact . | . . . . Weapon 8 | 3 1 . 4 Energy Gun 3 | 2 1 . . Energy Cannon 3 | . . . 3 Ballistic Gun 2 | 1 . . 1 Ballistic Cannon . | . . . . Launcher . | . . . . Special Weapon . | . . . . Impact Weapon . | . . . . Slashing Weapon . | . . . . Piercing Weapon . | . . . . Special Melee Weapon . | . . . . Unidentified Prototypes 3 | . . . 3 Parts Lost . | . . . . Power . | . . . . Propulsion . | . . . . Utility . | . . . . Weapon . | . . . . Highest Loss Streak . | . . . . Average Slot Usage (%) 96 | . 91 100 99 Engine 11 | . 13 12 9 Wheel 24 | . 27 25 21 Device 22 | . 12 24 29 Processor 9 | . 7 12 9 Protection 3 | . . . 9 Energy Gun 19 | . 27 25 7 Energy Cannon 2 | . . . 6 Ballistic Gun 2 | . . . 5 Naked Turns . | . . . . Heaviest Build 24 | 7 9 11 24 Greatest Support 36 | 32 32 32 36 Greatest Overweight (x) 7 | 2 . . 7 Average Overweight (x) . | . . . . Largest Inventory Capacity 4 | 4 4 4 4 Average Capacity 3 | 3 4 4 4 Most Carried 4 | 1 4 4 4 Average Carried 2 | . 2 3 3 Final Capacity 4 | 4 4 4 4 Final Carried 4 | . 4 4 3 Class Distribution -------------------- 54% | Skirmisher 45% | Mutant Dominant Class ---------------- Mutant | -10/Materials Skirmisher | -10/Mines Skirmisher | -9/Materials Resources | -11 -10 -10 -9 ----------- Run | Scr Mat Min Mat Matter Collected 754 | 260 280 30 184 Remotely . | . . . . Salvage Created 1417 | . 497 63 857 Parts 87 | . 21 3 63 Haulers Intercepted 6 | . 2 . 4 Recyclers Shooed . | . . . . Parts Field Recycled . | . . . . Retrieved Matter . | . . . . Parts Self-Destructed . | . . . . Prevented . | . . . . Kills | -11 -10 -10 -9 ------- Run | Scr Mat Min Mat Combat Hostiles Destroyed 34 | . 10 1 23 Guns 19 | . 7 1 11 Cannons 11 | . . . 11 AOE 4 | . 3 . 1 Classes Destroyed 7 | . 5 . 2 Worker 1 | . . . 1 Hauler 6 | . 2 . 4 Recycler 2 | . 2 . . Watcher 5 | . 3 . 2 Swarmer 18 | . 9 . 9 Grunt 12 | . 1 1 10 Sentry 4 | . . . 4 Best Kill Streak 6 | . 5 1 6 Combat Bots Only 4 | . 4 1 3 Max Kills in Single Turn 2 | . 2 1 1 Gunslinging . | . . . . Exploded 1 | . 1 . 1 Melee . | . . . . Uniques/NPCs Destroyed . | . . . . Combat | -11 -10 -10 -9 -------- Run | Scr Mat Min Mat Damage Taken 1588 | . 193 92 1303 Core 1233 | . 164 74 995 Absorbed by Shields . | . . . . Redirected to Core 681 | . 92 60 529 Core Remaining (%) 100 | 100 . 100 . Volleys Fired 132 | . 30 9 93 Largest 2 | . 2 2 2 Hottest 136 | . 80 80 136 Shots Fired 234 | . 60 18 156 Gun 183 | . 60 18 105 Cannon 51 | . . . 51 Launcher . | . . . . Special . | . . . . Kinetic 35 | . . . 35 Thermal 51 | . . . 51 Explosive . | . . . . Electromagnetic 148 | . 60 18 70 Robot Hit Streak 26 | . 11 6 26 Robot Miss Streak 4 | . 3 3 4 Penetration Max . | . . . . Secondary Targets 3 | . 1 . 2 Max Gunslinging Chain 1 | . 1 . 1 Shots Hit Robots 163 | . 38 12 113 Core Hits 61 | . 21 4 36 Critical Hits 2 | . . . 2 Critical Kills 2 | . . . 2 Critical Parts Destroyed . | . . . . Melee Attacks . | . . . . Impact . | . . . . Slashing . | . . . . Piercing . | . . . . Sneak Attacks . | . . . . Combat Hostiles . | . . . . Follow-up Attacks . | . . . . Damage Inflicted 3085 | . 850 268 1967 Guns 1679 | . 540 147 992 Cannons 776 | . . . 776 Explosions 630 | . 310 121 199 Melee . | . . . . Ramming . | . . . . Kinetic 346 | . . . 346 Thermal 1406 | . 310 121 975 Explosive . | . . . . Electromagnetic 1333 | . 540 147 646 Impact . | . . . . Slashing . | . . . . Piercing . | . . . . Highest Corruption . | . . . . Average Corruption . | . . . . Corruption Purged . | . . . . Overload Shots . | . . . . Overflow Damage 56 | . 20 . 36 Projectiles 15 | . . . 15 Explosions 41 | . 20 . 21 Melee . | . . . . Knockbacks . | . . . . Impact . | . . . . Kinetic . | . . . . Secondary . | . . . . Self-Inflicted Damage 69 | . 44 . 25 Shots 3 | . 2 . 1 Rammed . | . . . . Targets Rammed . | . . . . Kicked . | . . . . Crushed . | . . . . Highest Temperature 618 | . 90 117 618 Average Temperature 138 | . 32 56 173 Received Heat Transfer 312 | . . 66 246 Effects 35 | . . . 35 Shutdowns 4 | . . . 4 Energy Bleed 3 | . . . 3 Interference 8 | . . . 8 Matter Decay 3 | . . . 3 Short Circuit 3 | . . . 3 Damage (minor) 3 | . . . 3 Damage (major) 8 | . . . 8 Damage (core) 3 | . . . 3 Siege Activations . | . . . . Robots Corrupted 1 | . . . 1 Combat Hostiles . | . . . . Parts Fried 6 | . 4 . 2 Impact Corruptions . | . . . . Robots Melted . | . . . . Combat Hostiles . | . . . . Parts Melted 1 | . 1 . . Heat Transferred 2306 | . 550 150 1606 Parts Sabotaged . | . . . . Parts Stolen . | . . . . Parts Stripped . | . . . . Power Chain Reactions 10 | . 6 2 2 Missiles Intercepted . | . . . . Alert | -11 -10 -10 -9 ------- Run | Scr Mat Min Mat Peak Influence 397 | . 179 73 397 Average Influence 117 | . 102 27 194 Maximum Alert Level 1 | . . . 1 Low Security (%) 76 | 100 100 100 39 Level 1 23 | . . . 60 Level 2 . | . . . . Level 3 . | . . . . Level 4 . | . . . . Level 5 . | . . . . High Security . | . . . . Max Security . | . . . . Squads Dispatched 4 | . . . 4 Investigation 1 | . . . 1 Extermination . | . . . . Reinforcement 3 | . . . 3 Assault . | . . . . Garrison . | . . . . Intercept . | . . . . Construction Impeded . | . . . . Haulers Reinforced . | . . . . Stealth | -11 -10 -10 -9 --------- Run | Scr Mat Min Mat Distress Signals 2 | . . . 2 Communications Jammed . | . . . . Distress Signals . | . . . . Times Spotted 68 | . 18 4 46 Peak Tracking Total 7 | . 4 2 7 Tactical Retreats 7 | . . . 7 Traps | -11 -10 -10 -9 ------- Run | Scr Mat Min Mat Traps Triggered 4 | . 3 . 1 Indirectly . | . . . . Trap Hack Attempts . | . . . . Triggered . | . . . . Disarmed . | . . . . Reprogrammed 6 | . 6 . . Reused . | . . . . Traps Extracted . | . . . . Installed . | . . . . Triggered 1 | . 1 . . Machines | -11 -10 -10 -9 ---------- Run | Scr Mat Min Mat Machines Disabled 3 | . . 2 1 Max in Single Turn 1 | . . 1 1 Machines Sabotaged . | . . . . Garrisons Compromised . | . . . . Overloaded Fab Kills . | . . . . Fab Network Shutdowns . | . . . . Hacking | -11 -10 -10 -9 --------- Run | Scr Mat Min Mat Machines Accessed 5 | . 4 . 1 Terminals 5 | . 4 . 1 Fabricators . | . . . . Repair Stations . | . . . . Recycling Units . | . . . . Scanalyzers . | . . . . Garrison Access . | . . . . Total Hacks 7 | . 6 . 1 Successful 5 | . 4 . 1 Failed 2 | . 2 . . Catastrophic . | . . . . Database Lockouts . | . . . . Manual . | . . . . Terminals 7 | . 6 . 1 Fabricators . | . . . . Repair Stations . | . . . . Recycling Units . | . . . . Scanalyzers . | . . . . Garrison Access . | . . . . Terminal Hacks 5 | . 4 . 1 Emergency Access Points 1 | . 1 . . Alert Level 1 | . 1 . . Reprogram Traps 1 | . 1 . . Hauler Manifests 1 | . 1 . . Zone Layout 1 | . . . 1 Fabricator Hacks . | . . . . Repair Station Hacks . | . . . . Recycling Unit Hacks . | . . . . Scanalyzer . | . . . . Garrison Access Hacks . | . . . . Unauthorized Hacks . | . . . . Terminals . | . . . . Fabricators . | . . . . Repair Stations . | . . . . Recycling Units . | . . . . Scanalyzers . | . . . . Garrison Access . | . . . . Data Cores Recovered . | . . . . Used . | . . . . Hacking Detections 2 | . 1 . 1 Full Trace Events . | . . . . Feedback Events . | . . . . Feedback Blocked . | . . . . Robot Schematics Acquired . | . . . . Robots Built . | . . . . Matter . | . . . . Time . | . . . . Total Robot Build Rating . | . . . . Part Schematics Acquired . | . . . . Parts Built . | . . . . Matter . | . . . . Time . | . . . . Total Part Build Rating . | . . . . Parts Repaired . | . . . . Time . | . . . . Parts Recycled . | . . . . Recycled Matter . | . . . . Retrieved Matter . | . . . . Retrieved Components . | . . . . Parts Scanalyzed . | . . . . Part Schematics Acquired . | . . . . Parts Damaged . | . . . . Bothacking | -11 -10 -10 -9 ------------ Run | Scr Mat Min Mat Used RIF Installer . | . . . . Robots Hacked . | . . . . Non-combat . | . . . . Combat . | . . . . Robot Hacks Applied . | . . . . Relay Couplers Released . | . . . . Robots Rewired . | . . . . Allies Hacked . | . . . . Hacks Repelled . | . . . . Allies | -11 -10 -10 -9 -------- Run | Scr Mat Min Mat Total Allies 3 | . . 3 . Largest Group 3 | . . 3 2 Highest-Rated Group 76 | . . 76 45 Highest-Rated Ally 31 | . . 31 31 Total Orders . | . . . . Ally Attacks 18 | . . 8 10 Total Damage 244 | . . 124 120 Kills 5 | . . 2 3 Allies Corrupted . | . . . . Allies Melted . | . . . . Intel | -11 -10 -10 -9 ------- Run | Scr Mat Min Mat Robot Analysis Total . | . . . . Derelict Logs Recovered 1 | . . 1 . Drone Launches . | . . . . Drone Recoveries . | . . . . Exploration | -11 -10 -10 -9 ------------- Run | Scr Mat Min Mat Turns Passed 2666 | 54 910 662 1040 Spaces Moved 2058 | 42 763 552 701 Core 13 | 11 . . 2 Treads . | . . . . Legs . | . . . . Wheels 2045 | 31 763 552 699 Hover . | . . . . Flight . | . . . . Fastest Speed 50 | 50 100 100 90 Average Speed 99 | 92 100 100 98 Slowest Speed 400 | 150 100 100 400 Overloaded Moves . | . . . . Propulsion Burnouts . | . . . . Robots Hopped . | . . . . Cave-ins Triggered . | . . . . Exploration Rate (%) 64 | 4 99 99 55 Regions Visited 3 Branch Regions 1 Pre-discovered Areas . | . . . . Known Exits Taken 2 | . 1 1 . Unknown Exits Taken 1 | 1 . . . Scrap Searched 1 | . . 1 . Spaces Dug . | . . . . Terrain Destroyed 52 | . 23 13 16 Melee . | . . . . Projectile . | . . . . AOE 52 | . 23 13 16 Actions | -11 -10 -10 -9 --------- Run | Scr Mat Min Mat Total 2441 | 54 846 643 898 Wait 159 | 5 35 67 52 Move 2055 | 41 762 551 701 Hop . | . . . . Pick Up 11 | 1 4 1 5 Fast Attach 15 | 5 7 . 3 Attach 5 | 1 . 1 3 Detach . | . . . . Swap 8 | . 1 2 5 Drop 9 | 1 . 1 7 Fire 132 | . 30 9 93 Melee . | . . . . Ram . | . . . . Kick . | . . . . Crush . | . . . . Escape Stasis . | . . . . Rewire . | . . . . Trap . | . . . . Miscellaneous 47 | . 7 11 29 Route ------- -11/Scrapyard -10/Materials (discovered 4 exits: *Mat x3 / *Min) -10/Mines (discovered 2 exits: *Mat x2) -9/Materials (discovered 3 exits: *Mat x2 / [*Min]) History --------- Turn | Location | Event 4 | -11/Scrapyard | Upgraded with Propulsion slot (x1) 4 | -11/Scrapyard | Upgraded with Utility slot (x1) 4 | -11/Scrapyard | Upgraded with Weapon slot (x1) 26 | -11/Scrapyard | Discovered new exit (range 15) 55 | -11/Scrapyard | Entered Materials 310 | -10/Materials | Build established: Mutant 321 | -10/Materials | Discovered new exit (range 13) 381 | -10/Materials | Discovered new exit (range 15) 612 | -10/Materials | Discovered new exit (range 10) 620 | -10/Materials | Identified exit to Materials 829 | -10/Materials | Discovered exit to Materials (range 9) 962 | -10/Materials | Identified exit to Mines 965 | -10/Materials | Entered Mines 967 | -10/Mines | Reached level 2 981 | -10/Mines | Upgraded with Utility slot (x1) 1057 | -10/Mines | Discovered exit to Materials (range 5) 1060 | -10/Mines | Received a Mining Laser from a helpful Derelict 1237 | -10/Mines | Learned Materials garrison access intel 1275 | -10/Mines | Build established: Skirmisher 1336 | -10/Mines | Found a hidden stash of uninstalled traps 1387 | -10/Mines | Discovered exit to Materials (range 5) 1627 | -10/Mines | Entered Materials 1627 | -9/Materials | Accompanied by 2 allies 1629 | -9/Materials | Reached level 3 1629 | -9/Materials | Reached level 4 1629 | -9/Materials | Upgraded with Utility slot (x2) 1632 | -9/Materials | Led the pair of lost Derelicts to an unsafe place 1917 | -9/Materials | Reached level 5 1969 | -9/Materials | Discovered new exit (range 15) 2081 | -9/Materials | Discovered new exit (range 14) 2098 | -9/Materials | Identified exit to Materials 2342 | -9/Materials | Upgraded with Propulsion slot (x1) 2436 | -9/Materials | Discovered exit to Materials (range 10) 2553 | -9/Materials | Reached level 6 2613 | -9/Materials | Core integrity fell below 50% 2617 | -9/Materials | Core integrity fell below 20% 2667 | -9/Materials | Destroyed by S-10 Pest with Light Assault Rifle Last Messages --------------- Overheating: Short circuit. Broken Adv. Beam Cannon permanently disabled. Power failure, Cld. Ion Engine shutdown. Overheating: System interference. Adv. Beam Cannon temporarily disabled. Signal Interpreter temporarily disabled. Overheating: Arm. Wheel damaged (-11). G-47 Trooper suffers critical hit. G-47 Trooper destroyed. Overheating: Energy bleed (-40). Overheating: System interference. Adv. Beam Cannon temporarily disabled. Sensor Array temporarily disabled. Terrain Scanner temporarily disabled. Power failure, Cld. Ion Engine shutdown. Overheating: Arm. Wheel damaged (-8). Overheating: Matter decay (-40). Overheating: Hrd. Light Armor Plating damaged (-58). Overheating: Matter decay (-61). W-16 Scout distress signal alerts nearby ally. Map ----- +----------------------------------------------------+ | ??##????#?? ## ##% # """ # # ?? | | ?????? ?# "?" "?" ## """ !##% + """ # # ? | | ????????+ "?" "?" ## """ ###%% # """ # # ? | | ????? ??#??"" "?" ## """ ###### # # ? # | | ????????#????? ## ######+##+#### + ?? | | ?????????? ? ?? ?# """ # #### # ? | | ?????????? ? ?## """ = # // #### ?# ?? | | ???????????? ? ## """ # // #### ??# ?? | | ???????????#######?# # // ####? # ??? | | ????????????############+###############?# ? ??? | | ???????????## + "" ## ? ??#?? | | ????????? # ""S ## ? ? ?#??? | | ????????????# + "" ## " ???????? | | ?? ????????####### """ # ! ## T? ??#?????? | | "? ??????????? #?# """ # /!! ## " ???????? | | "????????????" ### """ # =!!* ## ??#????? | | ?????????????"?### ##+#%#### ??#????? | | ###??#??????? + ## ###### ???????? | | ?""?????????? ###t ##+####+###### ??????? | | ? " ????????? ### ## [ ### ?????? | | " "?????#?### # """ ### ######?????? | | ???? ?? # """"" ### #####??????? | | < ????? rs"""""[Y ### ####???????? | | ????? #% ""=s% ### ####?#?????? | | #????##### # % %=s ### #####??????? | | ###??##???? ########### @g= ### ## ???????? | | #???#???????###########% =* [ ### ## ???????? | | ? ? ??????### ############## # ???????? | | ? ????????????# # ???????? | | ?? ????????### + ???????? | | ??????????### # ???????? | | ? ???????????# ###+########## # ????????? | | ????????????### #### ###### ##?????????? | | ??????????????#? #### ###### #??????????? | | ???????????????#? #### """ ###### ???????????? | | ???????????????? ? #### "R ###### ????????????? | | ????????????????? + """ ###### ????????????? | | ?????????????????? ?### #####???????????????? | | ????????????????????#?#?#### ###?????????????????? | | ??????????????????????????##?????????????????????? | | ?????????????????????????????????????????????????? | | ?????????????????????????????????????????????????? | | ?????????????????????????????????????????????????? | | ?????????????????????????????????????????????????? | | ?????????????????????????????????????????????????? | | ?????????????????????????????????????????????????? | | ?????????????????????????????????????????????????? | | ?????????????????????????????????????????????????? | | ?????????????????????????????????????????????????? | | ?????????????????????????????????????????????????? | +----------------------------------------------------+ Best States ------------- Heat Dissipation 25 Energy Generation 14 Energy Capacity 280 Matter Stores 300 Matter Capacity 300 Sight Range 16 Robot Scan Range 10 Terrain Scan Range 14 Terrain Scan Density 710 Armor Coverage 150 Resistance: KI 20 Resistance: TH 20 Resistance: EX 20 Resistance: EM 20 Resistance: I 20 Resistance: S 20 Resistance: P 20 Evasion (%) 50 Offensive Hacking 10 Item Schematics ----------------- None Robot Schematics ------------------ None Fabricated ------------ Nothing Alien Tech Used ----------------- None Achievements -------------- None Challenges ------------ None RPGLIKE | -11 -10 -10 -9 --------- Run | Scr Mat Min Mat Levels Raised 5 | . . 1 4 XP Earned 12449 | 4000 1325 1054 6070 XP Spent 9290 | 4000 . 800 4490 Upgrades 18 | 7 . 1 10 Propulsion Slot 2 | 1 . . 1 Utility Slot 4 | 1 . 1 2 Weapon Slot 1 | 1 . . . Inventory Capacity 4 | 4 . . . Terrain Scan Density 7 | . . . 7 Protomatter Created 379 | . 47 . 332 Integrity Restored 826 | . 98 216 512 Core 630 | . 92 146 392 Parts 196 | . 6 70 120 Protomatter Decayed 155 | . 9 . 146 Game ------ Seed ContainmentAntimatterSabre Manual? 0 Play Time 00:26:28 Cumulative 80.9 hours Start 2020.01.14 @ 21:01:00 End 2020.01.14 @ 21:26:07 Sessions 1 Manual Loads 0 Difficulty Adventurer Special Mode Winter2019/RPGLIKE Game No. 34 Rogue 12 Adventurer 22 Explorer 0 Win Type - Total 1 Types 1/0/0/0/0/0/0 Lore% 44 Gallery% 45 Achievement% 46 Wizard Run 0 Options --------- ASCII 0 Keyboard 0 Movement Mouse Keybinds 0 Fullscreen 1 Font 18/SmallcapsGlow Map View 76x50 Tactical HUD 0 Map Filters NONE Filters NONE Steam 1 RUN: c4595b40-14eb-4190-a484-8f8c5536e2d5